 Dungeon Crawl Stone Soup version 0.19.4-9-g45fd643 (webtiles) character file.

232 empire the Cutter (level 5, -6/45 HPs)
             Began as a Draconian Monk on Feb 17, 2017.
             Killed from afar by empire's ghost (23 damage)
             ... with a bolt of negative energy
             ... on level 4 of the Dungeon.
             The game lasted 00:04:32 (2540 turns).

empire the Cutter (Draconian Monk)                  Turns: 2540, Time: 00:04:34

Health: -6/45      AC:  9    Str: 13    XL:     5   Next: 73%
Magic:  5/5        EV: 13    Int: 11    God:
Gold:   137        SH:  0    Dex: 14    Spells: 0 memorised, 4 levels left

rFire  . . .     SeeInvis .     a - +0 short sword
rCold  . . .     Gourm    .     (armour unavailable)
rNeg   . . .     Faith    .     (no shield)
rPois  .         Spirit   .     r - +1 hat
rElec  .         Reflect  .     s - +2 cloak
rCorr  .         Harm     .     (no gloves)
MR     .....                    (no boots)
Stlth  ++........               (no amulet)
                                (no ring)
                                (no ring)

@: drained
A: unfitting armour, cold-blooded, AC +5
a: no special abilities


You were on level 4 of the Dungeon.
You were not hungry.

You visited 1 branch of the dungeon, and saw 4 of its levels.

You collected 137 gold pieces.

Inventory:

Hand Weapons
 a - a +0 short sword (weapon)
Armour
 r - a +1 hat (worn)
 s - a +2 cloak (worn)
Scrolls
 c - a scroll of random uselessness {unknown}
 d - 2 scrolls of recharging {unknown}
 e - 7 scrolls of identify {unknown}
 f - 3 scrolls of remove curse {unknown}
 i - 3 scrolls of enchant weapon {unknown}
 j - 3 scrolls of immolation {unknown}
 l - a scroll of teleportation {unknown}
 q - a scroll of fog {unknown}
Potions
 g - a potion of degeneration {unknown}
 h - a potion of cure mutation {unknown}
 k - a potion of haste
 n - a potion of magic {unknown}
 o - a potion of curing {unknown}
 p - a potion of ambrosia {unknown}
Comestibles
 b - 2 bread rations
 m - a beef jerky
 t - a meat ration
 u - 3 chunks of flesh


   Skills:
 - Level 3.2(2.7) Fighting
 + Level 4.5(3.9) Short Blades
 + Level 3.9(3.3) Dodging
 + Level 3.7(3.2) Stealth


You had 4 spell levels left.
You didn't know any spells.

Dungeon Overview and Level Annotations

Branches:
Dungeon (4/15)
 Temple: D:4-7

Altars:
Okawaru

Annotations:
D:3 Azzok's ghost, amateur FoFi
D:4 empire's ghost, novice DrMo


Innate Abilities, Weirdness & Mutations

Your plain brown scales are hard. (AC +5)
You cannot fit into any form of body armour.
You are cold-blooded and may be slowed by cold attacks.


Message History

The adder skeleton is almost destroyed.
Empire's ghost hits you but does no damage.
The adder skeleton closely misses you.
You hit the adder skeleton.
You destroy the adder skeleton!
Empire's ghost hits you but does no damage.
Empire's ghost completely misses you. Empire's ghost hits you!
Some of the chunks of flesh in your inventory have rotted away.
Found 20 stones.
A giant cockroach comes into view.
Found a slice of pizza.
The giant cockroach bites you but does no damage.
You closely miss the giant cockroach.
The giant cockroach bites you but does no damage.
Empire's ghost screams, "Death is your only future!"
Empire's ghost breathes negative energy at you.
The bolt of negative energy hits you!
You feel drained.
Ouch! That really hurt!
You die...

## ..... . #. ..... ..
###. #..... #...#....
...##...... #....Ws
...?.......(.
#...#.####.#.........
#...........s........
#.... #..# #@.......
#...####.####W...%...
###..#.........#......
###..............#..####
....#..##........#.##
####..###.............
##...## #.........####
#.<### #............
#.## #........####


You could see empire's ghost and a giant cockroach.

Vanquished Creatures
  Terence (D:2)
  Natasha (thrice) (D:2)
  An orc wizard (D:3)
  3 adders
  4 oozes
  An adder skeleton (D:4)
  3 worms
  2 dart slugs (D:2)
  A leopard gecko (D:1)
  4 orcs (D:3)
  A giant cockroach (D:1)
  A goblin (D:1)
  4 hobgoblins
  2 ball pythons
  7 bats
  A frilled lizard (D:2)
  6 kobolds
  A quokka skeleton (D:4)
  9 rats
55 creatures vanquished.

Notes
Turn   | Place    | Note
-------+----------+-------------------------------------------
     0 | D:1      | empire the Draconian Monk began the quest for the Orb.
     0 | D:1      | Reached XP level 1. HP: 19/19 MP: 1/1
   163 | D:1      | Reached XP level 2. HP: 16/26 MP: 2/2
   728 | D:1      | Reached XP level 3. HP: 31/31 MP: 3/3
   890 | D:2      | Noticed Natasha
   910 | D:2      | Killed Natasha
  1240 | D:2      | Noticed Natasha
  1258 | D:2      | Killed Natasha
  1258 | D:2      | Reached XP level 4. HP: 23/38 MP: 4/4
  1389 | D:2      | Found an iron altar of Okawaru.
  1399 | D:2      | Reached skill level 4 in Short Blades
  1475 | D:2      | Noticed Terence
  1499 | D:2      | Killed Terence
  1529 | D:2      | Reached XP level 5. HP: 26/45 MP: 5/5
  1710 | D:2      | Noticed Natasha
  1724 | D:2      | Killed Natasha
  2442 | D:3      | Noticed Azzok's ghost (amateur FoFi)
  2478 | D:3      | Found a faded altar of an unknown god.
  2504 | D:4      | Noticed empire's ghost (novice DrMo)
  2540 | D:4      | Killed from afar by empire's ghost

Skill      XL: |  1  2  3  4 |
---------------+-------------+-----
Stealth        | 2 3 |  3.7
Dodging        | 3 |  3.9
Short Blades   | 4 |  4.5
Fighting       | |  3.2

Action                   |  1- 3 |  4- 6 || total
-------------------------+-------+-------++-------
Melee: Short sword       |   111 |   163 ||   274
       Tailslap          |     9 |    17 ||    26
 Stab: Sleeping          |     2 |     4 ||     6
  Eat: Chunk             |       |     5 ||     5
Armor: Skin              |    39 |    43 ||    82
Dodge: Dodged            |    87 |    81 ||   168
